cohdb
Replays
Latest Replays
All Replays
Popular Replays
Top Player Replays
Match Explorer
How It Works
Community
CoH3 Stats
Reddit
Sign in to upload your games and track your stats! →
Sign in with Steam
Match 43944082
Unlisted
Match 43944082
Overview
Messages
Build Orders
End
Panzergrenadier Squad
Selects Panzerjäger Kommand Battlegroup
Selects Mine Fields
250 Light Carrier
Panzergrenadier Squad
Panzergrenadier Squad
Construct Light Support Kompanie
MG34 Team
2.5-tonne Medical Truck
Panzerjäger Mechanized Group
Selects Tank Busters
Fire Support Elements
Veteran Squad Leaders
Selects Defensive Positions
Construct Panzerarmee Kommand
Walking Stuka Rocket Launcher
Panzergrenadier Squad
Selects Butterfly Bomb Drop
Walking Stuka Rocket Launcher
Selects Crew Shock Tactics
2.5-tonne Medical Truck
Flak 36 Anti-tank Gun Team
Walking Stuka Rocket Launcher
76561197962546219
Lulu
JayS
MASTER_YOUR_SLEEP
SirHilaryManfat
Firewasp
ChmooveOperator
MOSH MOSHI
0
0
Comments
sign in to comment!
No comments posted yet!